 Dungeon Crawl Stone Soup version 0.28-a0-401-ge240ad9e29 (webtiles) character file.

Game seed: 2150581386726870022

11 speeev33 the Skirmisher (level 2, 27/27 HPs)
             Began as a Hill Orc Fighter on Sept 4, 2021.
             Was a Follower of Nemelex Xobeh.
             Quit the game on level 1 of the Dungeon.
             The game lasted 00:00:39 (420 turns).

speeev33 the Skirmisher (Hill Orc Fighter)           Turns: 420, Time: 00:00:40

Health: 27/27      AC:  6    Str: 18    XL:     2   Next: 29%
Magic:  2/2        EV:  9    Int:  8    God:    Nemelex Xobeh [*.....]
Gold:   6          SH:  4    Dex: 10    Spells: 1/1 levels left

rFire   . . .      SeeInvis .   a - +0 war axe
rCold   . . .      Faith    .   c - +0 buckler
rNeg    . . .      Spirit   .   b - +0 scale mail
rPois   .          Reflect  .   (no helmet)
rElec   .          Harm     .   (no cloak)
rCorr   .          Rampage  .   (no gloves)
Will    .....                   (no boots)
Stlth   ..........              (no amulet)
HPRegen 0.09/turn               (no ring)
MPRegen 0.08/turn               (no ring)

@: no status effects
A: no striking features
a: Renounce Religion, Draw Escape, Draw Destruction, Draw Summoning


You were on level 1 of the Dungeon.
You worshipped Nemelex Xobeh.
Nemelex Xobeh was aware of your devotion.
You visited 1 branch of the dungeon, and saw 1 of its levels.

You collected 6 gold pieces.

Inventory:

Hand Weapons
 a - a +0 war axe (weapon)
Armour
 b - a +0 scale mail (worn)
 c - a +0 buckler (worn)
Scrolls
 f - a scroll of teleportation {unknown}
Potions
 d - a potion of might
 e - a potion of attraction {unknown}


   Skills:
 + Level 3.9 Fighting
 + Level 3.1 Axes
 - Level 3.2 Armour
 + Level 3.5 Shields


You had one spell level left.
You didn't know any spells.
Your spell library contained the following spells:

 Spells                   Type           Power      Damage    Failure   Level
 Animate Skeleton         Necr           0%         N/A       82%         1


Dungeon Overview and Level Annotations

Branches:
Dungeon (1/15)

Altars:
Nemelex Xobeh


Message History

The goblin shouts!
A goblin is nearby!
You block the goblin's attack.
You miss the goblin. You hit the plant.
The plant begins to die.
A quokka comes into view.
The goblin closely misses you. The goblin hits you with a +0 dagger.
You hit the goblin.
The goblin is severely wounded.
You hit the plant. The goblin hits you but does no damage.
You barely miss the goblin.
The goblin is severely wounded.
You hit the plant.
A nearby plant withers and dies.
The goblin hits you with a +0 dagger.
You barely miss the goblin.
The goblin is severely wounded.
The goblin hits you but does no damage. x2
You hit the goblin.
You kill the goblin!
You block the quokka's attack.
You slash the quokka!
You kill the quokka!
No target in view!
No target in view!
Things that are here:
a +0 dagger; a goblin corpse No target in view!
Found a faded altar of an unknown god.
You pick up Plato's Tome of Black Rituals and begin reading...
You add the spell Animate Skeleton to your library.
There is a faded altar of an unknown god here.
You cannot tell which god this altar belongs to.
Convert to them anyway?
Nemelex Xobeh accepts your prayer! Nemelex Xobeh welcomes you!
You can now draw from decks of power.
Nemelex will now gift you decks of power as you gain piety.
Are you sure you want to abandon this character and quit the game? (Confirm with "yes".)
Okay, then.
Unknown command.
Press < or > to pray at altars.
Are you sure you want to abandon this character and quit the game? (Confirm with "yes".)

##########
#######..........
#............... .
#............^...#
#.#.#)#.@.#.#.#..#
##.#P#.#####.#.#..# .
#...#.#.....#.#...#...
#....#.#####.#........ #
#.#...#..P..#...##...###..
#......#####...##..###..#.
###.#..........#).# .#....
#.##########...####..... #
.......)...##........


There were no monsters in sight!

Vanquished Creatures
  2 bats (D:1)
  2 goblins (D:1)
  A hobgoblin (D:1)
  A kobold (D:1)
  2 quokkas (D:1)
  A rat (D:1)
9 creatures vanquished.

Vanquished Creatures (others)
  A plant (D:1)
1 creature vanquished.

Grand Total: 10 creatures vanquished

Notes
Turn   | Place    | Note
-------+----------+-------------------------------------------
     0 | D:1      | speeev33 the Hill Orc Fighter began the quest for the Orb.
     0 | D:1      | Reached XP level 1. HP: 19/19 MP: 1/1
   317 | D:1      | Reached XP level 2. HP: 25/27 MP: 2/2
   414 | D:1      | Found a faded altar of an unknown god.
   418 | D:1      | Got Plato's Tome of Black Rituals
   419 | D:1      | Became a worshipper of Nemelex Xobeh the Trickster
   419 | D:1      | Reached * piety under Nemelex Xobeh
   420 | D:1      | Quit the game

Illustrated notes

Levels and vault maps discovered:
D:1:      arrival_zaba_pyramid, layout_basic, serial_forest,
          infiniplex_forest_lined_1, infiniplex_forest_fountain,
          infiniplex_forest_end_2, infiniplex_forest_lined_room_2,
          infiniplex_forest_clump_small, infiniplex_forest_clump_small,
          infiniplex_forest_lined_room_2, shapermc_ecumenical_altar_rom_forum,
          minmay_pentomino_z2

Skill      XL: |  1 |
---------------+----+-----
Axes           | 3 |  3.1
Fighting       | |  3.9
Armour         | |  3.2
Shields        | |  3.5

Action                   || total
-------------------------++-------
Melee: War axe           ||    33
Armor: Scale mail        ||    18
Dodge: Dodged            ||    14
Block: Buckler           ||    11

Table legend: (Time is in decaauts)
 A = Elapsed time spent in this place.
 B = Non-inter-level travel time spent in this place.
 C = Inter-level travel time spent in this place.
 D = Time resting spent in this place.
 E = Time spent auto-exploring this place.
 F = Levels seen in this place.
 G = Mean time per level.
                   A        B        C        D        E       F      G
               +--------+--------+--------+--------+--------+-----+--------+
         Total |    432 |    432 |      0 |      0 |    349 |   1 |  432.0 |
       Dungeon |    432 |    432 |      0 |      0 |    349 |   1 |  432.0 |
               +--------+--------+--------+--------+--------+-----+--------+

Top non-repeatable levels by time:
     D:1: 432 daAuts
